[Event "Team 45 45 League T61"]
[Site "Internet Chess Club"]
[Date "2014.05.31"]
[Round "1"]
[White "SaltofLife"]
[Black "TerryMalloy"]
[Result "1/2-1/2"]
[WhiteElo "1895"]
[BlackElo "1942"]
[Opening "QGA: classical, Rubinstein variation"]
[ECO "D27"]
[Time "15:20:00"]
[TimeControl "2700+45"]

1. d4 Nf6 2. Nf3 d5 3. c4 dxc4 4. e3 e6 5. Bxc4 c5 6. O-O a6 7. a4 Nc6 8. Qe2
Qc7 9. Nbd2 cxd4 10. exd4 Be7 11. Nb3 O-O 12. Bg5 Bd7 13. Rac1 Rac8 14. Ne5 Nd5
15. Bxe7 Ndxe7 16. Bd3 Ng6 17. Nxd7 Qxd7 18. Qe4 Qd5 19. Qxd5 exd5 20. Rfe1 Rfe8
{Game drawn by mutual agreement} 1/2-1/2

[Event "Team 45 45 League T61"]
[Site "Internet Chess Club"]
[Date "2014.06.01"]
[Round "1"]
[White "cond"]
[Black "RubberDuck"]
[Result "1/2-1/2"]
[WhiteElo "1898"]
[BlackElo "1877"]
[Opening "Sicilian: Alapin's variation (2.c3)"]
[ECO "B22"]
[Time "08:00:34"]
[TimeControl "2700+45"]

1. e4 c5 2. c3 d5 3. exd5 Qxd5 4. d4 e6 5. Nf3 Nf6 6. Be2 Nc6 7. O-O Be7 8. Na3
cxd4 9. Nb5 Qd8 10. Nbxd4 Nxd4 11. Qxd4 Qxd4 12. Nxd4 a6 13. Bf3 O-O 14. c4 Rd8
15. Be3 e5 16. Nb3 e4 17. Be2 Bg4 18. Bxg4 Nxg4 {Game drawn by mutual agreement}
1/2-1/2

[Event "Team 45 45 League T61"]
[Site "Internet Chess Club"]
[Date "2014.05.30"]
[Round "1"]
[White "jonesey"]
[Black "az2112"]
[Result "1-0"]
[WhiteElo "1961"]
[BlackElo "1628"]
[Opening "English: Sicilian reversed"]
[ECO "A25"]
[Time "22:01:06"]
[TimeControl "2700+45"]

1. c4 e5 2. Nc3 Nc6 3. d3 f5 4. g3 Nf6 5. Bg2 d6 6. Nh3 Be7 7. O-O O-O 8. Rb1 a5
9. a3 Be6 10. Ng5 Bd7 11. Qb3 Rb8 12. c5+ d5 13. Nxd5 Kh8 14. Nxf6 {Black
resigns} 1-0

[Event "Team 45 45 League T61"]
[Site "Internet Chess Club"]
[Date "2014.06.01"]
[Round "1"]
[White "drsigmund1"]
[Black "Salvatore"]
[Result "1/2-1/2"]
[WhiteElo "1547"]
[BlackElo "1521"]
[Opening "Queen's pawn game"]
[ECO "A46"]
[Time "08:05:06"]
[TimeControl "2700+45"]

1. d4 Nf6 2. Nf3 h6 3. Bf4 d6 4. h3 e6 5. e3 a6 6. Nbd2 Be7 7. Bd3 O-O 8. O-O
Nc6 9. e4 e5 10. dxe5 dxe5 11. Nxe5 Nxe5 12. Bxe5 Bd6 13. Bc3 Nh7 14. Nc4 Bc5
15. Qe2 Qh4 16. Ne3 g6 17. Nd5 c6 18. Ne3 h5 19. b4 Ba7 20. Nc4 Bxh3 21. gxh3
Qg3+ 22. Kh1 Qxh3+ 23. Kg1 Ng5 24. Ne5 Qg3+ 25. Kh1 Qh4+ 26. Kg2 Qh3+ 27. Kg1
Qg3+ 28. Kh1 Qh4+ 29. Kg2 {Game drawn by mutual agreement} 1/2-1/2

[Event "Team 45 45 League T61"]
[Site "Internet Chess Club"]
[Date "2014.05.30"]
[Round "1"]
[White "primerpaso"]
[Black "SlimeDog2"]
[Result "1/2-1/2"]
[WhiteElo "1949"]
[BlackElo "1983"]
[Opening "English: symmetrical, Rubinstein system"]
[ECO "A16"]
[Time "02:32:19"]
[TimeControl "2700+45"]

1. c4 Nf6 2. Nc3 d5 3. cxd5 Nxd5 4. g3 c5 5. Bg2 Nc7 6. Nf3 Nc6 7. d3 e5 8. Bd2
Be7 9. Rc1 O-O 10. O-O b6 11. Na4 f6 12. Ne1 Nd5 13. Nc3 Be6 14. Nc2 Rc8 15.
Nxd5 Bxd5 16. Ne3 Be6 17. Qa4 Qd7 18. Rfe1 Rfd8 19. a3 Nd4 20. Qxd7 Rxd7 21. Bc3
b5 22. Nc2 Nb3 23. Rcd1 a5 24. Na1 Nxa1 25. Rxa1 b4 26. axb4 axb4 27. Bd2 c4 28.
Rec1 Rcd8 29. Bc6 Rc7 30. Bb5 Rcc8 31. Ra4 cxd3 32. Rxc8 Rxc8 33. Bxd3 Bd5 34.
Ra5 Bc4 35. Bxc4+ Rxc4 36. Ra4 Kf7 37. Kf1 Rd4 38. Ke1 Ke6 39. e3 Rc4 40. b3 Rc2
41. Bxb4 Bxb4+ 42. Rxb4 f5 43. Rb7 Kf6 44. b4 Rb2 45. b5 g5 46. Rb6+ Kf7 47. Kf1
f4 48. gxf4 gxf4 49. exf4 exf4 50. Kg2 Rb3 51. h4 Kg7 52. h5 Kf7 53. Rb7+ Kf6
54. Rxh7 Rxb5 55. Rh8 Rb3 56. h6 Kg6 57. Rf8 Kxh6 58. Rxf4 Kg7 {Game drawn by
mutual agreement} 1/2-1/2

[Event "Team 45 45 League T61"]
[Site "Internet Chess Club"]
[Date "2014.05.31"]
[Round "1"]
[White "jt2000"]
[Black "Baseta"]
[Result "0-1"]
[WhiteElo "1898"]
[BlackElo "1844"]
[Opening "French: Chigorin variation"]
[ECO "C00"]
[Time "13:12:51"]
[TimeControl "2700+45"]

1. e4 e6 2. Qe2 Ne7 3. f4 d5 4. d3 c5 5. Nf3 Nbc6 6. g3 g6 7. Bg2 Bg7 8. Nc3 Nd4
9. Nxd4 cxd4 10. Nb1 O-O 11. O-O b6 12. e5 h5 13. Nd2 Bd7 14. Nf3 Nf5 15. Bh3 f6
16. Bxf5 exf5 17. Nxd4 Re8 18. Nf3 d4 19. Re1 Bc6 20. e6 Qd5 21. Kf2 Kh7 22. b3
Rxe6 23. Qd1 Rxe1 24. Nxe1 Qh1 25. Bb2 Qxh2+ 26. Kf1 Qxg3 27. Qd2 Qh3+ 28. Kf2
Qh2+ {White resigns} 0-1

[Event "Team 45 45 League T61"]
[Site "Internet Chess Club"]
[Date "2014.05.29"]
[Round "1"]
[White "Warpdrive"]
[Black "Heian"]
[Result "0-1"]
[WhiteElo "1673"]
[BlackElo "1760"]
[Opening "Ruy Lopez: Classical defense deferred"]
[ECO "C70"]
[Time "21:00:40"]
[TimeControl "2700+45"]

1. e4 e5 2. Nf3 Nc6 3. Bb5 a6 4. Ba4 Bc5 5. O-O b5 6. Bb3 d6 7. d3 Bg4 8. h3 h5
9. Be3 Nd4 10. Nbd2 Qf6 11. c3 Nxf3+ 12. Nxf3 Rd8 13. Kh2 Bxf3 14. Qxf3 Qxf3 15.
gxf3 Bxe3 16. fxe3 f6 17. f4 Rd7 18. Rg1 Kf8 19. Rg2 c5 20. Be6 Re7 21. f5 Nh6
22. a4 g5 23. axb5 axb5 24. Ra8+ Kg7 25. Rxh8 Kxh8 26. b3 Ra7 27. Kg3 Kg7 28. d4
Nf7 29. dxc5 dxc5 30. Rd2 Kf8 31. Kf3 Ke7 32. Rd5 Rc7 33. b4 cxb4 34. cxb4 Nd6
35. Rd3 Rc1 36. Bd5 Rf1+ 37. Kg2 Rb1 38. Rc3 Rxb4 39. Rc7+ Kd8 40. Rc6 Nxe4 41.
Bxe4 Rxe4 42. Kf3 Rh4 43. Kg3 Ke7 44. Re6+ Kf7 45. Rb6 Rb4 46. Rb7+ Ke8 47. Rb6
Ke7 48. Rb7+ Ke8 49. Rb6 Ke7 50. Rb7+ Kd6 51. Rb6+ Kd5 52. Rxf6 Ke4 53. Rf8 Rb3
54. f6 Rxe3+ 55. Kg2 Rf3 56. f7 b4 57. Rb8 Rxf7 58. Rxb4+ Kf5 59. Kf3 Rd7 60.
Ke3 Ra7 61. Kf3 Ra3+ 62. Kg2 e4 63. Rb8 Ra2+ 64. Kf1 Kf4 65. Rf8+ Kg3 66. Rg8
Kh4 67. Re8 Ra4 68. Kg2 Rb4 69. Re5 g4 70. hxg4 hxg4 71. Re7 Kg5 72. Rg7+ Kf4
73. Rf7+ Ke3 74. Kg3 Ke2 75. Kxg4 e3+ 76. Kg3 Rb8 77. Rf6 Rg8+ 78. Kh2 Ke1 79.
Rf7 e2 80. Rf6 Rd8 81. Ra6 Kd1 82. Ra1+ Kd2 83. Ra2+ Ke3 84. Ra3+ Kf2 {White
resigns} 0-1

[Event "Team 45 45 League T61"]
[Site "Internet Chess Club"]
[Date "2014.05.30"]
[Round "1"]
[White "juniorVishy"]
[Black "Shanghaied"]
[Result "0-1"]
[WhiteElo "1760"]
[BlackElo "1806"]
[Opening "King's Indian: Zinnowitz variation"]
[ECO "E90"]
[Time "20:00:33"]
[TimeControl "2700+45"]

1. d4 Nf6 2. c4 g6 3. Nc3 Bg7 4. e4 d6 5. Nf3 O-O 6. Bg5 h6 7. Bh4 g5 8. Bg3 Nh5
9. Qd2 Nd7 10. Rd1 e6 11. e5 dxe5 12. Bxe5 Nxe5 13. Nxe5 c5 14. Nf3 cxd4 15.
Nxd4 a6 16. g3 Qb6 17. Na4 Qc7 18. Nc3 Rd8 19. Qe3 Nf6 20. Be2 b6 21. O-O Bb7
22. b3 Rac8 23. Rd3 Nd7 24. Rfd1 Ne5 25. R3d2 g4 26. Ne4 Ba8 27. f4 gxf3 28.
Bxf3 Nxf3+ 29. Nxf3 Rxd2 30. Rxd2 Qc6 31. Re2 Rd8 32. Kg2 f5 33. Rd2 Rf8 34. Nd6
e5 35. Rd5 Qc7 36. Rd2 f4 37. Qd3 fxg3 38. Ne4 gxh2 39. Kxh2 Qf7 40. Kg2 Qg6+
41. Ng3 Qg4 42. Rf2 e4 {White resigns} 0-1

[Event "Team 45 45 League T61"]
[Site "Internet Chess Club"]
[Date "2014.05.29"]
[Round "1"]
[White "Zugzwanged"]
[Black "divy7"]
[Result "1-0"]
[WhiteElo "1755"]
[BlackElo "1629"]
[Opening "Scotch game"]
[ECO "C45"]
[Time "20:00:32"]
[TimeControl "2700+45"]

1. e4 e5 2. Nf3 Nc6 3. d4 exd4 4. Nxd4 Qf6 5. Nxc6 Qxc6 6. Nc3 Bb4 7. Qd4 Bxc3+
8. bxc3 Qf6 9. Bc4 d6 10. O-O Qxd4 11. cxd4 Ne7 12. Re1 Nc6 13. c3 O-O 14. Ba3
Re8 15. Re2 Na5 16. Bd3 Bd7 17. Rae1 Ba4 18. e5 dxe5 19. Rxe5 Nc6 20. Rxe8+ Rxe8
21. Rxe8# {Black checkmated} 1-0

[Event "Team 45 45 League T61"]
[Site "Internet Chess Club"]
[Date "2014.06.01"]
[Round "1"]
[White "anna"]
[Black "mattp108"]
[Result "1/2-1/2"]
[WhiteElo "1804"]
[BlackElo "1622"]
[Opening "Caro-Kann: Steinitz variation"]
[ECO "B17"]
[Time "14:03:07"]
[TimeControl "2700+45"]

1. e4 c6 2. d4 d5 3. Nc3 dxe4 4. Nxe4 Nd7 5. Nf3 Ngf6 6. Nxf6+ Nxf6 7. Bc4 Bf5
8. O-O e6 9. h3 Bd6 10. Re1 O-O 11. Bg5 h6 12. Bh4 g5 13. Bg3 Bxg3 14. fxg3 Qb6
15. Rb1 Rfd8 16. Bd3 Bxd3 17. Qxd3 c5 18. c3 cxd4 19. Nxd4 Rd5 20. Qe3 Rad8 21.
Qf2 Ne8 22. Nf3 Qxf2+ 23. Kxf2 Nc7 24. Ke2 Kf8 25. c4 R5d7 26. Red1 Ke7 27.
Rxd7+ Rxd7 28. g4 f6 29. a4 e5 30. b3 Ne6 31. g3 {Game drawn by mutual
agreement} 1/2-1/2

[Event "Team 45 45 League T61"]
[Site "Internet Chess Club"]
[Date "2014.06.02"]
[Round "1"]
[White "NFork"]
[Black "Jack-ONeill"]
[Result "1-0"]
[WhiteElo "2117"]
[BlackElo "2049"]
[Opening "Sicilian defense"]
[ECO "B30"]
[Time "13:10:03"]
[TimeControl "2700+45"]

1. e4 c5 2. Nf3 Nc6 3. c3 Nf6 4. e5 Nd5 5. Bc4 Nb6 6. Bb3 d5 7. exd6 Qxd6 8. Na3
Be6 9. Nb5 Qd7 10. d4 cxd4 11. Nbxd4 Bxb3 12. axb3 Nxd4 13. Nxd4 e6 14. O-O Be7
15. Qe2 O-O 16. Rd1 Rfd8 17. Be3 Qe8 18. Nb5 Rxd1+ 19. Rxd1 Qc6 20. c4 a6 21.
Nc3 Nd7 22. Bf4 Nf6 23. Nd5 exd5 24. Qxe7 Re8 25. Qc7 Qxc7 26. Bxc7 dxc4 27.
bxc4 h6 28. Kf1 Ne4 29. Bb6 Rc8 30. f3 Nf6 31. b3 Kf8 32. Kf2 Ke8 33. Ke3 Rc6
34. Bd4 g6 35. Kd3 Re6 36. Kc3 Nd7 37. Rd2 h5 38. Bf2 Nb8 39. b4 Nc6 40. b5 axb5
41. cxb5 Nb8 42. Ra2 Nd7 43. Bd4 Ke7 44. Kc4 Kd6 45. Rd2 Kc7 46. f4 Nb6+ 47. Kd3
Nd7 48. Rc2+ Kd6 49. b6 Kd5 50. Rc7 Rd6 51. Rxb7 f5 52. Ke3 Re6+ 53. Kf3 Kxd4
54. Rxd7+ Kc5 55. b7 Rb6 56. Kg3 Rb3+ 57. Kh4 Rb2 58. Rg7 Kd4 59. Rxg6 Ke4 60.
Rg7 Kxf4 61. Kxh5 Ke5 62. Kh6 Kf6 63. Rc7 f4 64. h4 Kf5 65. Rg7 Rb6+ 66. Kh7 Ke4
67. h5 Kf5 68. h6 Ke4 69. Kg8 f3 70. gxf3+ Kf5 71. h7 {Black resigns} 1-0

[Event "Team 45 45 League T61"]
[Site "Internet Chess Club"]
[Date "2014.06.01"]
[Round "1"]
[White "Ptzz"]
[Black "SlimeDog2"]
[Result "0-1"]
[WhiteElo "2141"]
[BlackElo "2007"]
[Opening "English: symmetrical, Rubinstein system"]
[ECO "A15"]
[Time "15:03:15"]
[TimeControl "2700+45"]

1. c4 Nf6 2. g3 c5 3. Bg2 d5 4. cxd5 Nxd5 5. Nc3 Nc7 6. Nf3 Nc6 7. O-O e5 8. Ne1
Bg4 9. Bxc6+ bxc6 10. Qa4 Qd7 11. f4 Bh3 12. Rf2 exf4 13. Rxf4 Be7 14. Nd3 Ne6
15. Ne5 Qc7 16. Nd5 Qd6 17. Nxc6 Qxd5 18. e4 Qd6 19. Ne5+ Kf8 20. Nxf7 Qd4+ 21.
Qxd4 cxd4 22. Rf2 Kg8 23. d3 Nc5 24. Nxh8 Kxh8 25. Bf4 Nxd3 26. Rd2 Nxf4 27.
gxf4 Rf8 28. f5 Bg5 29. Rad1 Be3+ 30. Kh1 g6 31. Rxd4 Bxd4 32. Rxd4 gxf5 33. Rd3
Bg4 34. exf5 Bxf5 35. Ra3 Rg8 36. h4 Rg7 37. Kh2 h6 38. Ra5 Be4 39. b4 Kh7 40.
a4 Bc2 41. b5 Kg6 42. h5+ Kf6 43. Kh3 Bf5+ 44. Kh2 Be4 45. Kh3 Bf5+ 46. Kh2 Bc8
47. Kh1 Kg5 48. b6+ Kh4 49. Rb5 Bb7+ 50. Kh2 Rg2+ 51. Kh1 Rg5+ 52. Kh2 Rxb5 53.
axb5 axb6 {White resigns} 0-1

[Event "Team 45 45 League T61"]
[Site "Internet Chess Club"]
[Date "2014.06.02"]
[Round "1"]
[White "JustinL"]
[Black "Holgate"]
[Result "1-0"]
[WhiteElo "2008"]
[BlackElo "1944"]
[Opening "Sicilian: Anderssen variation"]
[ECO "B41"]
[Time "12:00:22"]
[TimeControl "2700+45"]

1. e4 c5 2. Nf3 e6 3. d4 cxd4 4. Nxd4 Nf6 5. Bd3 Nc6 6. Nxc6 bxc6 7. O-O e5 8.
c4 Bc5 9. Bg5 h6 10. Bh4 g5 11. Bg3 Bd4 12. Nc3 d6 13. Qc2 Rb8 14. Rab1 Qa5 15.
Ne2 c5 16. Nxd4 cxd4 17. a3 Nh5 18. Ra1 Bd7 19. b4 Qa4 20. Qxa4 Bxa4 21. b5 Nf6
22. c5 Ke7 23. Rab1 Nd7 24. cxd6+ Ke6 25. Rfc1 Rhc8 26. Rc7 Kxd6 27. Rxa7 Bxb5
28. Bxb5 Rxb5 29. Rd1 Rc4 30. a4 Rb2 31. a5 Kc6 32. Ra6+ Kc7 33. Rxh6 Ra2 34.
Rh7 f6 35. h4 gxh4 36. Bxh4 Kd6 37. Rh6 Ke6 38. g4 Kf7 39. Rh7+ Ke6 40. Rb1 d3
41. Bxf6 d2 42. Bg5 Rc1+ 43. Rxc1 dxc1=Q+ 44. Bxc1 Ra1 45. Rh6+ Ke7 46. Rc6 Rxa5
47. Kg2 Nc5 48. Rxc5 {Black resigns} 1-0

[Event "Team 45 45 League T61"]
[Site "Internet Chess Club"]
[Date "2014.05.30"]
[Round "1"]
[White "Tobiasdelmonte"]
[Black "cysk"]
[Result "1-0"]
[WhiteElo "1808"]
[BlackElo "1749"]
[Opening "English: symmetrical variation"]
[ECO "A30"]
[Time "23:02:50"]
[TimeControl "2700+45"]

1. c4 c5 2. g3 g6 3. Bg2 Bg7 4. Nf3 Nf6 5. d4 cxd4 6. Nxd4 O-O 7. O-O Nc6 8. e4
Nxd4 9. Qxd4 d6 10. Nc3 Ng4 11. Qd3 Ne5 12. Qe2 Bg4 13. f3 Bd7 14. b3 Nxc4 15.
Qc2 Ne5 16. Bb2 Qb6+ 17. Kh1 Rac8 18. Qd2 e6 19. Rad1 Bc6 20. Qxd6 Rcd8 21. Qe7
{Black forfeits on time} 1-0

[Event "Team 45 45 League T61"]
[Site "Internet Chess Club"]
[Date "2014.06.01"]
[Round "1"]
[White "f5"]
[Black "chess9793"]
[Result "1-0"]
[WhiteElo "2125"]
[BlackElo "2115"]
[Opening "Neo-Grünfeld, 6.O-O"]
[ECO "D77"]
[Time "23:08:00"]
[TimeControl "2700+45"]

1. d4 Nf6 2. Nf3 g6 3. g3 Bg7 4. Bg2 O-O 5. O-O d5 6. c4 c5 7. dxc5 Na6 8. Nc3
dxc4 9. c6 Qc7 10. Qa4 Qxc6 11. Qxc6 bxc6 12. Ne5 Bb7 13. Nxc4 Nd5 14. Nxd5 cxd5
15. Na5 Rab8 16. Nxb7 Rxb7 17. Bxd5 Rd7 18. Bc4 Nb4 19. a3 Rc8 20. Bb3 Nc2 21.
Rb1 Rb7 22. Bd5 Rb5 23. Be4 Nxa3 24. bxa3 Rxb1 25. Bxb1 Rc3 26. Bb2 Rb3 27. Bxg7
Kxg7 28. a4 Ra3 29. Bc2 Ra2 30. Rc1 Kf6 31. Kf1 e6 32. Ke1 h5 33. Kd2 Rb2 34.
Rb1 Rxb1 35. Bxb1 Ke5 36. Kc3 Kd6 37. Kb4 Kc7 38. a5 g5 39. h4 gxh4 40. gxh4 Kb8
41. Be4 {Black resigns} 1-0

[Event "Team 45 45 League T61"]
[Site "Internet Chess Club"]
[Date "2014.05.31"]
[Round "1"]
[White "chessfan"]
[Black "santiagoelawad"]
[Result "0-1"]
[WhiteElo "1884"]
[BlackElo "1931"]
[Opening "Caro-Kann: Steinitz variation"]
[ECO "B17"]
[Time "16:00:19"]
[TimeControl "2700+45"]

1. e4 c6 2. d4 d5 3. Nc3 dxe4 4. Nxe4 Nd7 5. Ng5 Ngf6 6. Bd3 e6 7. N1f3 Bd6 8.
Qe2 h6 9. Ne4 Nxe4 10. Qxe4 Qc7 11. Qg4 Kf8 12. O-O b6 13. Bd2 Bb7 14. Bc4 Nf6
15. Qh4 c5 16. dxc5 Qxc5 17. Be3 Qh5 18. Qxh5 Nxh5 19. Rad1 Ke7 20. Nd4 Rac8 21.
Bb3 Nf4 22. Nb5 Ne2+ 23. Kh1 Bb8 24. Rfe1 Ba6 25. c4 Bxb5 26. cxb5 Nf4 27. g3
Nh5 28. f4 g6 29. Rc1 Nf6 30. Rc6 Rxc6 31. bxc6 Rc8 32. Ba4 Nd5 33. Bd2 a6 34.
h4 b5 35. Bb3 Kd6 36. f5 gxf5 37. Bxh6 Kxc6 38. Rc1+ Kd7 39. Rxc8 Kxc8 40. Kg2
Be5 41. Bxd5 exd5 42. Bc1 Kd7 43. h5 Ke7 44. Bg5+ Kf8 45. b3 Kg7 46. a4 Kh7 47.
Bd2 Bg7 48. axb5 axb5 49. Kf3 Bh6 50. Bb4 Bc1 51. Bf8 Bd2 52. Ke2 Bc3 53. Kf3
Be5 54. Kf2 Bg7 55. Bxg7 Kxg7 56. Ke3 Kh6 57. Kd4 Kxh5 58. Kxd5 Kg4 59. Ke5 Kxg3
60. Kxf5 Kf3 61. Kf6 Ke4 62. Kxf7 Kd3 63. Ke6 Kc3 64. Ke5 Kxb3 65. Kd4 b4 66.
Kd3 Kb2 67. Kc4 b3 {White resigns} 0-1

[Event "Team 45 45 League T61"]
[Site "Internet Chess Club"]
[Date "2014.05.31"]
[Round "1"]
[White "VictorRed"]
[Black "LiangLiang"]
[Result "1/2-1/2"]
[WhiteElo "1832"]
[BlackElo "1873"]
[Opening "Grünfeld: Grünfeld gambit accepted"]
[ECO "D84"]
[Time "17:00:25"]
[TimeControl "2700+45"]

1. d4 Nf6 2. c4 g6 3. Nc3 d5 4. Bf4 Bg7 5. e3 O-O 6. cxd5 Nxd5 7. Nxd5 Qxd5 8.
Bxc7 Na6 9. Bxa6 Qxg2 10. Qf3 Qxf3 11. Nxf3 bxa6 12. O-O Bb7 13. Nd2 Rac8 14.
Rac1 Rfe8 15. Rc5 e6 16. Rfc1 Bf8 17. R5c2 Bb4 18. Kf1 Bxd2 19. Rxd2 Be4 20. Rc5
Re7 21. Bd6 Rxc5 22. dxc5 Rd7 23. a3 f6 24. Ke2 e5 25. f3 Bc6 26. e4 a5 27. Ke3
Kf7 28. b3 Ke6 29. h3 g5 30. Rd3 a6 31. Kd2 f5 32. exf5+ Kxf5 33. Re3 e4 34.
fxe4+ Bxe4 35. Ke2 h5 36. Rc3 Bc6 37. Re3 Be4 38. Rc3 g4 39. hxg4+ hxg4 40. Kf2
{Game drawn by mutual agreement} 1/2-1/2

[Event "Team 45 45 League T61"]
[Site "Internet Chess Club"]
[Date "2014.05.31"]
[Round "1"]
[White "DouDou"]
[Black "frank001"]
[Result "0-1"]
[WhiteElo "1741"]
[BlackElo "1758"]
[Opening "Petrov: classical attack"]
[ECO "C42"]
[Time "22:00:40"]
[TimeControl "2700+45"]

1. e4 e5 2. Nf3 Nf6 3. Nxe5 d6 4. Nf3 Nxe4 5. d4 d5 6. Bd3 Nc6 7. O-O Be7 8. h3
O-O 9. Re1 Nf6 10. c4 dxc4 11. Bxc4 Bf5 12. Nc3 a6 13. a4 h6 14. Bf4 Bd6 15.
Bxd6 Qxd6 16. Qd2 Rad8 17. Rad1 Rd7 18. Qe3 Rfd8 19. Bb3 Qb4 20. Ne2 Na5 21. Ba2
Qxb2 22. Rd2 Qb4 23. Ne5 Re7 24. Qf4 Rxe5 25. Qxe5 Qxd2 26. Nc1 Bg6 27. Qe7 Nc6
{White resigns} 0-1

[Event "Team 45 45 League T61"]
[Site "Internet Chess Club"]
[Date "2014.05.30"]
[Round "1"]
[White "M-Ezat"]
[Black "RaiseTheCurve"]
[Result "0-1"]
[WhiteElo "2266"]
[BlackElo "2257"]
[Opening "Queen's pawn game"]
[ECO "A46"]
[Time "17:00:11"]
[TimeControl "2700+45"]

1. d4 Nf6 2. Nf3 b5 3. e3 a6 4. a4 b4 5. Nbd2 e6 6. Bd3 c5 7. O-O Bb7 8. a5 Qc7
9. Nc4 Nc6 10. c3 d5 11. Nb6 Rd8 12. Qa4 c4 13. Be2 Bd6 14. cxb4 O-O 15. Bd2 Ne4
16. Be1 g5 17. g3 h5 18. Rc1 Ne7 19. b3 g4 20. Nd2 Ng5 21. h4 Nh3+ 22. Kh2 Nf5
23. Bd3 Bc6 24. Bxf5 Bxa4 25. Bd3 Qe7 26. Kg2 cxd3 27. Nxa4 f5 28. Nc5 e5 29.
dxe5 Bxc5 30. bxc5 d4 31. exd4 Rxd4 32. c6 Qxe5 33. Kh2 f4 34. Nc4 Rxc4 35. Rxc4
fxg3+ 36. Kg2 Qd5+ 37. Kxg3 Rf3+ 38. Kh2 Qd6+ 39. Kh1 Nxf2+ 40. Rxf2 Rh3+ 41.
Kg1 Qg3+ {White resigns} 0-1

[Event "Team 45 45 League T61"]
[Site "Internet Chess Club"]
[Date "2014.06.01"]
[Round "1"]
[White "Jack-ONeill"]
[Black "searchforbobby1"]
[Result "1/2-1/2"]
[WhiteElo "2063"]
[BlackElo "2047"]
[Opening "Queen's pawn"]
[ECO "A40"]
[Time "16:09:58"]
[TimeControl "2700+45"]

1. d4 e6 2. Nf3 f5 3. g3 Nf6 4. Bg2 d5 5. O-O Bd6 6. b3 Qe7 7. a4 a5 8. Ba3 Bxa3
9. Nxa3 O-O 10. Qc1 b6 11. c4 Bb7 12. Ne5 Nbd7 13. Nxd7 Qxd7 14. c5 Ba6 15. Re1
Rfb8 16. cxb6 cxb6 17. Qf4 Rc8 18. Rac1 Qe7 19. Nb1 Qb4 20. Qe5 Kf7 21. Rc7+
Rxc7 22. Qxc7+ Kg6 23. Qc3 Rc8 24. Qxb4 axb4 25. Nd2 Kf7 26. Nf3 Rc3 27. Ne5+
Ke7 28. Bf1 Nd7 29. Nxd7 Kxd7 30. Rb1 Kd6 31. f4 h6 32. Kf2 g5 33. Bg2 g4 34.
Bf1 h5 35. Ke1 Kc7 36. Kf2 Kb8 37. Ke1 Ka7 38. Kf2 Bb7 39. Rb2 Rc1 40. e3 Ba6
41. Bxa6 Kxa6 42. Kg2 Kb7 43. Kf2 Kc7 44. Kg2 Kd6 45. Kf2 Ke7 46. Kg2 Kf6 47.
Kf2 Kg6 48. Kg2 h4 49. gxh4 Kh5 50. Kg3 Rf1 51. Kg2 Rf3 52. Re2 Kxh4 53. Re1 Rh3
54. Re2 g3 55. hxg3+ Rxg3+ 56. Kf2 Kh3 57. Re1 Kh2 58. Rc1 Rg2+ 59. Kf3 Rg3+ 60.
Kf2 Rg2+ 61. Kf3 Rg3+ 62. Kf2 Rg2+ 63. Kf3 {Game drawn by repetition} 1/2-1/2

[Event "Team 45 45 League T61"]
[Site "Internet Chess Club"]
[Date "2014.05.31"]
[Round "1"]
[White "AmrSobh"]
[Black "Ptzz"]
[Result "0-1"]
[WhiteElo "2189"]
[BlackElo "2165"]
[Opening "Trompowsky attack (Ruth, Opocenský opening)"]
[ECO "A45"]
[Time "07:09:20"]
[TimeControl "2700+45"]

1. d4 Nf6 2. Bg5 d5 3. e3 Ne4 4. Bh4 c5 5. f3 Qa5+ 6. c3 Nd6 7. Nd2 cxd4 8. exd4
Bf5 9. Nb3 Qc7 10. Bg3 e6 11. Bd3 Qb6 12. Bxd6 Bxd6 13. Bxf5 exf5 14. Ne2 O-O
15. Qd3 g6 16. O-O Nd7 17. Rfe1 Qc7 18. h3 Rfe8 19. Nd2 Re7 20. Nf1 Rae8 21.
Rad1 Nf6 22. Qd2 Nh5 23. Nc1 Bf4 24. Qf2 Ng3 25. Rxe7 Rxe7 26. Nxg3 Be3 27. Qxe3
Rxe3 28. Kf2 f4 29. Nge2 g5 30. Rd2 Qc4 31. Nb3 b6 32. Nec1 f6 33. Na1 a5 34.
Nc2 Re7 35. Na3 Qc6 36. Nd3 Qe6 37. Nc2 h5 38. Kf1 Qf5 39. Nf2 Re3 40. Kg1 Qe6
41. Kf1 Qe8 42. Kg1 Re1+ 43. Kh2 Re2 44. Ne4 Qxe4 45. fxe4 Rxd2 {White resigns}
0-1

[Event "Team 45 45 League T61"]
[Site "Internet Chess Club"]
[Date "2014.05.30"]
[Round "1"]
[White "RobertStephen"]
[Black "egyptiantiger"]
[Result "1-0"]
[WhiteElo "1991"]
[BlackElo "2008"]
[Opening "Sicilian: Labourdonnais-Löwenthal (Kalashnikov) variation"]
[ECO "B32"]
[Time "16:00:51"]
[TimeControl "2700+45"]

1. e4 c5 2. Nf3 Nc6 3. d4 cxd4 4. Nxd4 e5 5. Nb5 d6 6. Bg5 f6 7. Be3 a6 8. N5c3
f5 9. Nd5 Nd4 10. c3 f4 11. Bxd4 exd4 12. cxd4 Nf6 13. Nbc3 Be7 14. Nxf4 b5 15.
Bd3 O-O 16. O-O Kh8 17. Rc1 Ng4 18. Ncd5 Bg5 19. Rxc8 Qxc8 20. Nb6 Qd8 21. Ne6
Qxb6 22. Qxg4 Bh6 23. Nxf8 Rxf8 24. e5 dxe5 25. dxe5 g6 26. e6 Bg7 27. e7 Re8
28. Qd7 Qb8 29. b3 Qc8 30. Qxc8 Rxc8 31. Re1 Re8 32. Re6 Kg8 33. Rxa6 Rxe7 34.
Bxb5 Bd4 35. Kf1 Bc3 36. Be2 Rd7 37. Bc4+ Kf8 38. Ke2 Rd2+ 39. Ke3 Rb2 40. Ra7
h5 41. Rf7+ Ke8 42. Rb7 Rxa2 43. Bf7+ Kd8 44. Bxg6 h4 45. Bd3 Ba5 46. g3 Kc8 47.
Be4 hxg3 48. hxg3 Bd2+ 49. Ke2 Bb4+ 50. Kf1 Bc5 51. Rf7 Kd8 52. g4 Ke8 53. Bd5
Rd2 54. Be6 Rd6 55. Bc4 Rd4 56. Rc7 Bd6 57. Bb5+ Kf8 58. Rd7 Rd5 59. Bc6 Rd4 60.
Ke2 Kg8 61. Ke3 Rd1 62. Ke4 Re1+ 63. Kf5 Re5+ 64. Kf6 Re2 65. Rxd6 Rxf2+ 66. Kg6
Rf8 67. Bd5+ Kh8 68. Be6 Re8 69. b4 Rf8 70. Rd5 {Black resigns} 1-0

[Event "Team 45 45 League T61"]
[Site "Internet Chess Club"]
[Date "2014.05.28"]
[Round "1"]
[White "imgr8"]
[Black "xwang1"]
[Result "1-0"]
[WhiteElo "2203"]
[BlackElo "1964"]
[Opening "Scotch game"]
[ECO "C45"]
[Time "22:01:36"]
[TimeControl "2700+45"]

1. e4 e5 2. Nf3 Nc6 3. d4 exd4 4. Nxd4 Bb4+ 5. c3 Bc5 6. Be3 Bb6 7. Qg4 g6 8.
Qg3 Nf6 9. Nd2 O-O 10. Be2 d6 11. Nxc6 bxc6 12. Bg5 Kg7 13. e5 dxe5 14. Qh4 Bf5
15. g4 Nxg4 16. Bxg4 f6 17. Bh6+ Kg8 18. Bxf5 gxf5 19. Bxf8 Qxf8 20. Rg1+ Kh8
21. O-O-O Qf7 22. Kb1 Rd8 23. Nc4 Rxd1+ 24. Rxd1 Qe7 25. Nxb6 axb6 26. Rg1 e4
27. Qg3 Qf7 28. h4 c5 29. h5 c4 30. h6 {Black resigns} 1-0

[Event "Team 45 45 League T61"]
[Site "Internet Chess Club"]
[Date "2014.06.01"]
[Round "1"]
[White "gump12345"]
[Black "Barrett-CCSCSL"]
[Result "1/2-1/2"]
[WhiteElo "1993"]
[BlackElo "2136"]
[Opening "Caro-Kann: advance variation"]
[ECO "B12"]
[Time "22:00:22"]
[TimeControl "2700+45"]

1. e4 c6 2. d4 d5 3. e5 c5 4. dxc5 Nc6 5. Nf3 Bg4 6. Bb5 e6 7. Be3 Qc7 8. Nbd2
Ne7 9. h3 Bxf3 10. Bxc6+ Nxc6 11. Nxf3 Nxe5 12. Nxe5 Qxe5 13. O-O Qc7 14. Qe2
Be7 15. c4 dxc4 16. Qxc4 O-O 17. Rfd1 Rfc8 18. Rac1 Qc6 19. b4 a6 20. Qg4 Rd8
21. Bg5 Bxg5 22. Qxg5 Rd7 23. Rd2 Rxd2 24. Qxd2 h6 25. Rc3 Qe4 26. Rd3 a5 27.
Rd8+ Rxd8 28. Qxd8+ Kh7 29. Qxa5 Qe1+ 30. Kh2 Qe5+ 31. g3 Qe1 32. Kg2 Qe4+ 33.
Kg1 Qe1+ 34. Kg2 Qe4+ 35. Kf1 Qh1+ 36. Ke2 Qe4+ 37. Kd2 Qd4+ 38. Ke1 Qe4+ 39.
Kf1 Qh1+ 40. Ke2 Qe4+ 41. Kf1 {Game drawn by repetition} 1/2-1/2

[Event "Team 45 45 League T61"]
[Site "Internet Chess Club"]
[Date "2014.06.02"]
[Round "1"]
[White "Pomberito"]
[Black "Happybear"]
[Result "1-0"]
[WhiteElo "2135"]
[BlackElo "1863"]
[Opening "French: Winawer, fingerslip variation"]
[ECO "C15"]
[Time "20:30:36"]
[TimeControl "2700+45"]

1. e4 e6 2. d4 d5 3. Nc3 Bb4 4. Bd2 dxe4 5. Qg4 Nf6 6. Qxg7 Rg8 7. Qh6 Qxd4 8.
O-O-O Qxf2 9. Nh3 Qf5 10. Bb5+ c6 11. Rhf1 Ng4 12. Qh4 Qg6 13. Bg5 Bd7 14. Qxg4
Bxc3 15. bxc3 cxb5 16. Qh4 Nc6 17. Rf6 Qg7 18. Qxe4 e5 19. Rxd7 {Black resigns}
1-0